2778 views
Uploaded 2020-02-12 16:56:31
Game version 1.32 / 1.32.1
13:06 long 2on2 ladder game on (4)TidewaterGlades_LV
Saved by iggythefisk
2778 views
Uploaded 2020-02-12 16:56:31
Game version 1.32 / 1.32.1
13:06 long 2on2 ladder game on (4)TidewaterGlades_LV


85 units @ 9.1k
/ 0.8k
25 buildings @ 4.5k
/ 1.4k

| Boots of Speed | 1 | 250 |
| total: | 1 | 250g |
| Acolyte | 6 | 450 | / | 0 |
| Ghoul | 27 | 3240 | / | 0 |
| total: | 33 | 3690g | / | 0w |
| Crypt | 2 | 400 | / | 100 |
| Ziggurat | 6 | 900 | / | 300 |
| Altar of Darkness | 1 | 180 | / | 50 |
| Graveyard | 1 | 215 | / | 0 |
| Necropolis | 1 | 225 | / | 0 |
| Temple of the Damned | 1 | 155 | / | 140 |
| Halls of the Dead | 2 | 640 | / | 420 |
| Black Citadel | 1 | 325 | / | 230 |
| total: | 12 | 2075g | / | 590w |
| 0:04 | Acolyte |
| 0:04 | Acolyte |
| 0:07 | Crypt |
| 0:15 | Crypt |
| 0:40 | Ziggurat |
| 0:56 | Altar of Darkness |
| 1:21 | Ziggurat |
| 1:28 | Ghoul |
| 1:35 | Ghoul |
| 1:45 | Ghoul |
| 1:46 | Ghoul |
| 2:06 | Ghoul |
| 2:15 | Ziggurat |
| 2:31 | Ghoul |
| 2:43 | Ghoul |
| 2:50 | Ghoul |
| 3:00 | Sleep |
| 3:08 | Acolyte |
| 3:13 | Cannibalize |
| 3:16 | Ghoul |
| 4:03 | Ghoul |
| 4:06 | Halls of the Dead |
| 4:08 | Vampiric Aura |
| 4:16 | Ghoul |
| 4:44 | Ghoul |
| 5:28 | Ghoul |
| 5:55 | Boots of Speed |
| 6:07 | Ghoul |
| 6:13 | Sleep |
| 6:29 | Black Citadel |
| 6:40 | Graveyard |
| 7:18 | Ghoul |
| 7:19 | Ghoul |
| 7:36 | Ghoul |
| 7:47 | Necropolis |
| 7:50 | Ziggurat |
| 8:16 | Ghoul |
| 8:30 | Vampiric Aura |
| 8:37 | Ghoul |
| 8:49 | Unholy Strength |
| 8:50 | Unholy Armor |
| 8:53 | Ghoul Frenzy |
| 8:54 | Acolyte |
| 8:54 | Acolyte |
| 8:54 | Acolyte |
| 9:38 | Ghoul |
| 10:02 | Ziggurat |
| 10:03 | Temple of the Damned |
| 10:05 | Ziggurat |
| 10:21 | Improved Unholy Strength |
| 11:10 | Ghoul |
| 11:11 | Ghoul |
| 11:40 | Ghoul |
| 11:51 | Sleep |
| 12:08 | Ghoul |
| 12:08 | Ghoul |
| 12:08 | Ghoul |
| 12:35 | Skeletal Mastery |
| 12:46 | Ghoul |
| Right click | 257 |
| Select | 240 |
| Select group | 185 |
| Build/train/purchase | 54 |
| Misc. action | 28 |
| Assign group | 25 |
| Use ability | 20 |
| Minimap ping | 10 |
| Chat | 10 |
| Esc | 3 |
| Item give/drop | 1 |


| Wisp | 21 | 1260 | / | 0 |
| Archer | 21 | 2730 | / | 210 |
| Dryad | 10 | 1450 | / | 600 |
| total: | 52 | 5440g | / | 810w |
| Altar of Elders | 2 | 360 | / | 100 |
| Moon Well | 6 | 1080 | / | 240 |
| Ancient of War | 1 | 150 | / | 60 |
| Hunter's Hall | 1 | 210 | / | 100 |
| Ancient of Wonders | 1 | 90 | / | 30 |
| Tree of Life | 1 | 340 | / | 185 |
| Ancient of Lore | 1 | 155 | / | 145 |
| Tree of Ages | 2 | 640 | / | 360 |
| total: | 13 | 2385g | / | 860w |
| 0:06 | Altar of Elders |
| 0:09 | Moon Well |
| 0:10 | Wisp |
| 0:11 | Altar of Elders |
| 0:12 | Wisp |
| 0:14 | Moon Well |
| 0:26 | Ancient of War |
| 0:31 | Wisp |
| 0:45 | Wisp |
| 0:54 | Wisp |
| 0:55 | Wisp |
| 1:15 | Wisp |
| 1:18 | Wisp |
| 1:36 | Moon Well |
| 1:45 | Wisp |
| 1:50 | Archer |
| 1:50 | Archer |
| 1:53 | Wisp |
| 1:58 | Wisp |
| 2:02 | Archer |
| 2:04 | Wisp |
| 2:09 | Wisp |
| 2:09 | Wisp |
| 2:12 | Force of Nature |
| 2:41 | Hunter's Hall |
| 2:45 | Wisp |
| 2:51 | Archer |
| 3:18 | Archer |
| 3:22 | Tree of Ages |
| 3:31 | Ancient of Wonders |
| 3:42 | Archer |
| 3:47 | Moon Well |
| 4:11 | Archer |
| 4:12 | Strength of the Moon |
| 4:24 | Archer |
| 4:37 | Moon Armor |
| 5:09 | Archer |
| 5:16 | Entangling Roots |
| 5:33 | Archer |
| 5:42 | Thorns Aura |
| 5:45 | Archer |
| 5:46 | Wisp |
| 5:53 | Ancient of Lore |
| 5:56 | Wisp |
| 5:56 | Wisp |
| 6:17 | Archer |
| 6:18 | Improved Bows |
| 6:47 | Trueshot Aura |
| 6:55 | Archer |
| 7:09 | Tree of Life |
| 7:47 | Moon Well |
| 7:49 | Abolish Magic |
| 7:50 | Dryad |
| 7:53 | Improved Moon Armor |
| 8:02 | Moon Well |
| 8:33 | Dryad |
| 9:02 | Archer |
| 9:02 | Dryad |
| 9:21 | Archer |
| 9:23 | Dryad |
| 9:27 | Archer |
| 9:28 | Dryad |
| 9:47 | Dryad |
| 9:58 | Wisp |
| 9:58 | Wisp |
| 9:59 | Wisp |
| 10:56 | Force of Nature |
| 11:11 | Archer |
| 11:11 | Archer |
| 11:33 | Archer |
| 11:33 | Archer |
| 11:34 | Dryad |
| 11:34 | Dryad |
| 11:45 | Searing Arrows |
| 12:12 | Archer |
| 12:13 | Dryad |
| 12:13 | Dryad |
| Select group | 594 |
| Right click | 315 |
| Select | 270 |
| Misc. action | 151 |
| Build/train/purchase | 84 |
| Assign group | 28 |
| Use ability | 16 |
| Minimap ping | 9 |
| Esc | 8 |
| Resource trade | 5 |
| Chat | 4 |
| Item give/drop | 1 |
66 units @ 8.5k
/ 0.6k
38 buildings @ 3.8k
/ 1.4k


| Scroll of Regeneration | 1 | 100 |
| total: | 1 | 100g |
| Peasant | 17 | 1275 | / | 0 |
| Footman | 2 | 270 | / | 0 |
| Rifleman | 14 | 2870 | / | 420 |
| total: | 33 | 4415g | / | 420w |
| Scout Tower | 6 | 180 | / | 120 |
| Arcane Tower | 2 | 140 | / | 100 |
| Guard Tower | 3 | 210 | / | 150 |
| Altar of Kings | 1 | 180 | / | 50 |
| Farm | 10 | 800 | / | 200 |
| Barracks | 2 | 320 | / | 120 |
| Blacksmith | 1 | 140 | / | 60 |
| Arcane Vault | 1 | 130 | / | 30 |
| Town Hall | 1 | 385 | / | 205 |
| Lumber Mill | 3 | 360 | / | 0 |
| Keep | 1 | 320 | / | 210 |
| total: | 25 | 2495g | / | 785w |
| 0:01 | Peasant |
| 0:04 | Altar of Kings |
| 0:07 | Peasant |
| 0:17 | Farm |
| 0:22 | Peasant |
| 0:27 | Barracks |
| 0:33 | Peasant |
| 0:47 | Peasant |
| 0:55 | Farm |
| 1:10 | Peasant |
| 1:25 | Peasant |
| 1:34 | Peasant |
| 1:37 | Footman |
| 1:44 | Farm |
| 1:54 | Blacksmith |
| 2:05 | Footman |
| 2:09 | Summon Water Elemental |
| 2:31 | Arcane Vault |
| 2:33 | Peasant |
| 3:05 | Rifleman |
| 3:26 | Keep |
| 3:53 | Rifleman |
| 3:56 | Brilliance Aura |
| 4:18 | Town Hall |
| 4:30 | Farm |
| 5:13 | Summon Water Elemental |
| 5:27 | Rifleman |
| 5:42 | Scroll of Regeneration |
| 5:49 | Barracks |
| 6:02 | Peasant |
| 6:15 | Rifleman |
| 6:21 | Peasant |
| 6:26 | Black Gunpowder |
| 6:49 | Rifleman |
| 6:52 | Rifleman |
| 6:54 | Storm Bolt |
| 7:11 | Peasant |
| 7:11 | Peasant |
| 7:12 | Peasant |
| 7:19 | Rifleman |
| 7:20 | Rifleman |
| 7:41 | Rifleman |
| 7:42 | Rifleman |
| 7:44 | Farm |
| 7:45 | Farm |
| 8:23 | Farm |
| 8:23 | Farm |
| 8:24 | Farm |
| 8:25 | Farm |
| 8:35 | Bash |
| 8:43 | Rifleman |
| 8:46 | Lumber Mill |
| 9:22 | Rifleman |
| 9:34 | Long Rifles |
| 9:50 | Peasant |
| 9:57 | Peasant |
| 9:57 | Peasant |
| 10:54 | Lumber Mill |
| 10:58 | Lumber Mill |
| 11:04 | Scout Tower |
| 11:31 | Arcane Tower |
| 11:32 | Scout Tower |
| 11:52 | Brilliance Aura |
| 12:02 | Rifleman |
| 12:08 | Storm Bolt |
| 12:14 | Summon Water Elemental |
| 12:15 | Guard Tower |
| 12:24 | Rifleman |
| 12:28 | Scout Tower |
| 12:29 | Scout Tower |
| 12:55 | Guard Tower |
| 12:56 | Guard Tower |
| 12:59 | Scout Tower |
| 13:00 | Scout Tower |
| Right click | 989 |
| Select group | 485 |
| Select | 449 |
| Assign group | 104 |
| Build/train/purchase | 77 |
| Misc. action | 33 |
| Use ability | 8 |
| Minimap ping | 4 |


| Scroll of Regeneration | 3 | 300 |
| Scroll of Town Portal | 1 | 350 |
| total: | 4 | 650g |
| Peasant | 9 | 675 | / | 0 |
| Footman | 11 | 1485 | / | 0 |
| Sorceress | 7 | 1085 | / | 140 |
| Priest | 6 | 810 | / | 60 |
| total: | 33 | 4055g | / | 200w |
| Scout Tower | 1 | 30 | / | 20 |
| Arcane Tower | 1 | 70 | / | 50 |
| Altar of Kings | 1 | 180 | / | 50 |
| Barracks | 1 | 160 | / | 60 |
| Farm | 8 | 640 | / | 160 |
| Arcane Sanctum | 2 | 300 | / | 280 |
| Keep | 1 | 320 | / | 210 |
| total: | 13 | 1310g | / | 570w |
| 0:02 | Peasant |
| 0:05 | Altar of Kings |
| 0:09 | Peasant |
| 0:19 | Barracks |
| 0:22 | Farm |
| 0:28 | Peasant |
| 0:40 | Peasant |
| 1:05 | Farm |
| 1:10 | Peasant |
| 1:10 | Peasant |
| 1:20 | Footman |
| 1:23 | Peasant |
| 1:32 | Peasant |
| 1:38 | Footman |
| 1:38 | Footman |
| 1:55 | Footman |
| 1:57 | Peasant |
| 2:05 | Farm |
| 2:07 | Summon Water Elemental |
| 2:20 | Defend |
| 3:03 | Footman |
| 3:23 | Footman |
| 3:32 | Brilliance Aura |
| 3:43 | Scroll of Regeneration |
| 3:46 | Footman |
| 3:48 | Keep |
| 3:51 | Farm |
| 3:53 | Scout Tower |
| 4:22 | Arcane Tower |
| 4:23 | Farm |
| 4:33 | Footman |
| 4:57 | Footman |
| 5:00 | Farm |
| 5:26 | Footman |
| 5:35 | Scroll of Regeneration |
| 6:17 | Summon Water Elemental |
| 6:30 | Arcane Sanctum |
| 6:32 | Arcane Sanctum |
| 6:52 | Farm |
| 7:32 | Storm Bolt |
| 7:43 | Scroll of Regeneration |
| 7:44 | Scroll of Town Portal |
| 7:53 | Sorceress |
| 7:56 | Sorceress Adept Training |
| 7:56 | Priest |
| 8:27 | Sorceress |
| 8:28 | Priest Adept Training |
| 8:30 | Priest |
| 8:52 | Farm |
| 9:26 | Sorceress |
| 9:27 | Priest |
| 9:50 | Sorceress |
| 10:45 | Priest |
| 11:30 | Brilliance Aura |
| 11:35 | Footman |
| 11:36 | Sorceress |
| 11:36 | Priest |
| 12:00 | Sorceress |
| 12:00 | Priest |
| 12:32 | Sorceress |
| 13:00 | Bash |
| Right click | 676 |
| Assign group | 465 |
| Select group | 296 |
| Select | 260 |
| Build/train/purchase | 101 |
| Misc. action | 74 |
| Use ability | 10 |
| Chat | 4 |
| Item give/drop | 1 |
| Remove unit | 1 |
| Minimap ping | 1 |
โ